 Dungeon Crawl Stone Soup version 0.17.2-1-ge4368a0 (webtiles) character file.

751 Goblin1989 the Basher (level 7, -2/50 HPs)
             Began as a Demonspawn Gladiator on July 24, 2016.
             Was an Initiate of Okawaru.
             Slain by an orc priest
             ... wielding a +0 trident
              (6 damage)
             ... on level 5 of the Dungeon.
             The game lasted 00:13:33 (4672 turns).

Goblin1989 the Basher (Demonspawn Gladiator)        Turns: 4672, Time: 00:13:33

Health: -2/50      AC: 11    Str: 18    XL:     7   Next: 49%
Magic:  7/7        EV:  8    Int:  9    God:    Okawaru [......]
Gold:   225        SH:  0    Dex: 13    Spells: 0 memorised, 6 levels left

rFire  . . .     SeeInvis .     a - +0 flail
rCold  + . .     Clarity  .     j - +0 chain mail
rNeg   . . .     SustAt   .     (no shield)
rPois  .         Gourm    .     c - +0 helmet
rElec  .         Spirit   .     A - +0 cloak
rCorr  .         Warding  .     (no gloves)
rMut   .         Stasis   .     m - +0 pair of boots (curse)
MR     .....                    (no amulet)
Stlth  ..........               (no ring)
                                s - ring of protection from cold

@: confused, not resistant to hostile enchantments, extremely unstealthy
A: hooves 2
a: Renounce Religion


You were on level 5 of the Dungeon.
You worshipped Okawaru.
Okawaru was noncommittal.
You were hungry.

You visited 1 branch of the dungeon, and saw 5 of its levels.

You collected 225 gold pieces.

Inventory:

Hand Weapons
 a - a +0 flail (weapon)
Missiles
 d - 3 throwing nets (quivered)
 f - 6 poisoned javelins
Armour
 c - a +0 helmet (worn)
 j - a +0 chain mail (worn)
 m - a cursed +0 pair of boots (worn)
 A - a +0 cloak (worn)
Jewellery
 s - a ring of protection from cold (left hand)
 t - an uncursed ring of fire
Wands
 v - a wand of fireball (6)
Scrolls
 b - 2 scrolls of blinking {unknown}
 h - 3 scrolls of remove curse {unknown}
 l - 2 scrolls of identify {unknown}
 q - a scroll of amnesia {unknown}
 r - 4 scrolls of teleportation {unknown}
 u - a scroll of random uselessness {unknown}
 y - a scroll of fog {unknown}
 z - a scroll of enchant weapon {unknown}
Potions
 g - a potion of flight {unknown}
 i - a potion of ambrosia {unknown}
 o - a potion of cancellation {unknown}
 p - 2 potions of mutation {unknown}
 w - a potion of lignification {unknown}
 x - a potion of haste {unknown}
Comestibles
 e - 3 bread rations
 k - 4 meat rations
 n - 13 fruits


   Skills:
 - Level 2.0 Fighting
 + Level 8.1 Maces & Flails
 - Level 1.7 Throwing
 - Level 2.6 Dodging


You had 6 spell levels left.
You didn't know any spells.

Dungeon Overview and Level Annotations

Branches:
Dungeon (5/15)             Temple (0/1) D:4

Altars:
Okawaru
Trog

Annotations:
D:3 Grinder


Innate Abilities, Weirdness & Mutations

You have hoof-like feet.


Message History

Something completely misses you. The orc hits you but does no damage.
The quokka bites you but does no damage.
You hear some strange, mumbled words.
Something tries to affect you, but you resist.
You take 4 damage, and have 8/50 hp.
You barely miss the orc priest.
The quokka bites you but does no damage.
The orc priest hits you but does no damage.
The orc hits you but does no damage. Something hits you but does no damage.
You bump into the rock wall.
The quokka bites you but does no damage.
The orc hits you but does no damage. The orc priest hits you with a trident.
* * * LOW HITPOINT WARNING * * *
Something hits you but does no damage. The quokka barely misses you.
You take 3 damage, and have 5/50 hp.
You barely miss the orc priest. The orc hits you but does no damage.
Something hits you.
* * * LOW HITPOINT WARNING * * *
The orc priest hits you with a trident.
You die...

######.... .#
.........###..#
..............
..........#.#
............#
............#.#
......o{o.....# #r@#
....... #..# ........#
#..######
.........####........
............##'#####.#
#..........#........#
#..........#........#
#..........#........#
...
#..........'......#.#
#.#


You could see an orc priest, an orc and a quokka.

Vanquished Creatures
  Sigmund (D:2)
  A jelly (D:5)
  A crimson imp (D:5)
  Ijyb (D:3)
  4 hounds
  2 orc wizards (D:5)
  Natasha (thrice) (D:2)
  2 orc priests
  3 worker ants
  A hound skeleton (D:4)
  7 adders
  A shadow imp (D:5)
  An ooze (D:1)
  An adder skeleton (D:4)
  4 worms
  9 orcs
  5 giant cockroaches
  4 goblins
  5 hobgoblins
  7 jackals
  2 ball pythons
  4 bats
  3 giant geckos
  2 giant newts (D:1)
  7 kobolds
  2 quokkas
  5 rats
88 creatures vanquished.

Vanquished Creatures (others)
  An orc wizard (D:5)
1 creature vanquished.

Grand Total: 89 creatures vanquished

Notes
Turn   | Place    | Note
--------------------------------------------------------------
     0 | D:1      | Goblin1989 the Demonspawn Gladiator began the quest for the Orb.
     0 | D:1      | Reached XP level 1. HP: 16/16 MP: 1/1
    22 | D:1      | Reached skill level 3 in Maces & Flails
    85 | D:1      | Gained mutation: You have large cloven feet. [demonic ancestry]
    85 | D:1      | Reached XP level 2. HP: 19/22 MP: 2/2
   573 | D:2      | Gained mutation: You have hoof-like feet. [demonic ancestry]
   573 | D:2      | Reached XP level 3. HP: 20/27 MP: 3/3
   576 | D:2      | Found a bloodstained altar of Trog.
   690 | D:2      | Reached skill level 4 in Maces & Flails
  1040 | D:2      | Noticed Natasha
  1052 | D:2      | Killed Natasha
  1200 | D:2      | Noticed Natasha
  1209 | D:2      | Killed Natasha
  1209 | D:2      | Reached XP level 4. HP: 23/33 MP: 4/4
  1490 | D:2      | Noticed Natasha
  1493 | D:2      | Killed Natasha
  1641 | D:2      | Noticed Sigmund
  1726 | D:2      | Killed Sigmund
  1726 | D:2      | Reached skill level 6 in Maces & Flails
  1726 | D:2      | Reached XP level 5. HP: 11/38 MP: 5/5
  2196 | D:2      | Found an iron altar of Okawaru.
  2221 | D:3      | Noticed Ijyb
  2233 | D:3      | Killed Ijyb
  2233 | D:3      | Reached XP level 6. HP: 39/44 MP: 6/6
  2391 | D:2      | Became a worshipper of Warmaster Okawaru
  2498 | D:3      | Noticed Grinder
  2535 | D:4      | Found a staircase to the Ecumenical Temple.
  3111 | D:5      | Entered Level 5 of the Dungeon
  3127 | D:5      | Reached skill level 7 in Maces & Flails
  3748 | D:4      | Reached XP level 7. HP: 37/50 MP: 7/7
  4090 | D:5      | HP: 2/50 [orc wizard/dagger (1)]
  4603 | D:5      | Reached skill level 8 in Maces & Flails
  4672 | D:5      | Slain by an orc priest

Action                   |  1- 3 |  4- 6 |  7- 9 || total
-------------------------+-------+-------+-------++-------
Melee: Flail             |   113 |   206 |    97 ||   416
Throw: Throwing net      |       |     3 |       ||     3
  Use: Potion            |       |     3 |       ||     3
 Stab: Sleeping          |     1 |       |       ||     1
  Eat: Chunk             |       |     8 |     2 ||    10
       Fruit             |       |     2 |       ||     2
